[Event "41st Amateur D7"]
[Site "ChessGUI4"]
[Date "2013.07.07"]
[Round "17.5"]
[White "Tigran 2.3 64-bit"]
[Black "Butcher 1.64 64-bit"]
[Result "1/2-1/2"]
[BlackElo "2355"]
[ECO "A04"]
[EventDate "2013.??.??"]
[TimeControl "40/1500:40/1500:40/1500"]
[WhiteElo "2289"]

{ i5 Quad } 1.Nf3 f5 2.g3 Nf6 3.Bg2 g6 4.b3 Bg7 5.Bb2 O-O 6.O-O d6 7.d4 Qe8 8.c4 Nh5 9.e3 Na6
{ [%eval 53,11] [%emt 0:00:59] (e6) } 10.Nc3
{ [%eval 78,12] [%emt 0:00:42] (Qd2) } 10...Rb8
{ [%eval 43,11] [%emt 0: 01:00] (Bd7) } 11.Qe2
{ [%eval 81,12] [%emt 0:00:43] (Nd2) } 11...Bd7
{ [%eval 42,11] [%emt 0:00:59] (Bd7) } 12.Rfd1
{ [%eval 80,11] [%emt 0:00:42] (Rad1) } 12...Bc6
{ [%eval 37,11] [%emt 0:00:58] (e6) } 13.Rac1
{ [%eval 89,12] [%emt 0:00:42] (d5) } 13...e5
{ [%eval 45,11] [%emt 0:01:05] (Rc8) } 14.dxe5
{ [%eval 95,13] [%emt 0:00:43] (Nd5) } 14...dxe5
{ [%eval 33,11] [%emt 0:00:54] (Bxe5) } 15.Ba3
{ [%eval 113,12] [%emt 0:00:37] (Ba3) } 15...Rf7
{ [%eval 82,11] [%emt 0:01:02] (Rf6) } 16.Ng5
{ [%eval 151,14] [%emt 0:00:43] (Ng5) } 16...Rd7
{ [%eval 114,12] [%emt 0:01:48] (Bxg2) } 17.Rxd7
{ [%eval 153,14] [%emt 0:00:44] (Bxc6) } 17...Qxd7
{ [%eval 126,12] [%emt 0: 00:58] (Qxd7) } 18.Nd5
{ [%eval 144,13] [%emt 0:00:43] (Nd5) } 18...Bf8
{ [%eval 127, 12] [%emt 0:00:50] (Kh8) } 19.Qxh5
{ [%eval 204,14] [%emt 0:00:44] (Qxh5) } 19...gxh5
{ [%eval 134,13] [%emt 0:00:56] (gxh5) } 20.Nf6+
{ [%eval 200,15] [%emt 0:00:44] (Nf6) } 20...Kg7
{ [%eval 165,13] [%emt 0:00:55] (Kg7) } 21.Nxd7
{ [%eval 205,16] [%emt 0:00:44] (Nxd7) } 21...Bxd7
{ [%eval 164,12] [%emt 0:00:46] (Bxd7) } 22.Bb2
{ [%eval 208,15] [%emt 0:00:44] (Rd1) } 22...Bd6
{ [%eval 143,12] [%emt 0:00:46] (Bd6) } 23.f4
{ [%eval 208,14] [%emt 0:00:44] (f4) } 23...Kg6
{ [%eval 142,12] [%emt 0:00:45] (Kg6) } 24.fxe5
{ [%eval 227,15] [%emt 0:00:45] (fxe5) } 24...Bxe5
{ [%eval 137,12] [%emt 0:00:45] (Bxe5) } 25.Bxe5
{ [%eval 219,15] [%emt 0:00:40] (Bxe5) } 25...Kxg5
{ [%eval 142,12] [%emt 0:00:43] (Kxg5) } 26.Rd1
{ [%eval 220,14] [%emt 0:00:46] (Rd1) } 26...Be6
{ [%eval 149,12] [%emt 0:00:43] (Be6) } 27.Bf3
{ [%eval 212,13] [%emt 0:00:47] (e4) } 27...b5
{ [%eval 139,11] [%emt 0:00:42] (Kg6) } 28.cxb5
{ [%eval 206, 14] [%emt 0:00:46] (cxb5) } 28...Rxb5
{ [%eval 163,12] [%emt 0:00:41] (Rxb5) } 29.Bf4+
{ [%eval 208,13] [%emt 0:00:40] (Bd4) } 29...Kg6
{ [%eval 122,12] [%emt 0:00:40] (Kf6) } 30.e4
{ [%eval 206,13] [%emt 0:00:48] (Rd2) } 30...Ra5
{ [%eval 106,11] [%emt 0:00:39] (h4) } 31.Rd2
{ [%eval 199,13] [%emt 0:00:48] (Rd2) } 31...fxe4
{ [%eval 120,13] [%emt 0:01:08] (fxe4) } 32.Bxe4+
{ [%eval 200,14] [%emt 0:00:40] (Bxe4) } 32...Bf5
{ [%eval 132,12] [%emt 0:00:34] (Bf5) } 33.Bc6
{ [%eval 177,15] [%emt 0:00:50] (Bc6) } 33...Kf6
{ [%eval 124,11] [%emt 0:00:27] (Nb4) } 34.Bf3
{ [%eval 176,14] [%emt 0:00:51] (Bf3) } 34...Bg4
{ [%eval 128,11] [%emt 0:00:25] (Nb4) } 35.Bg2
{ [%eval 217,13] [%emt 0:00:52] (Bb7) } 35...Nb4
{ [%eval 145,11] [%emt 0:00:21] (h4) } 36.Rf2
{ [%eval 211, 14] [%emt 0:00:45] (Rf2) } 36...Ke7
{ [%eval 153,12] [%emt 0:00:23] (Ke7) } 37.Bd2
{ [%eval 189,14] [%emt 0:00:55] (Bd2) } 37...c5
{ [%eval 130,11] [%emt 0:00:19] (c5) } 38.a4
{ [%eval 191,14] [%emt 0:00:49] (a4) } 38...Be6
{ [%eval 168,11] [%emt 0:00:20] (Be6) } 39.Rf3
{ [%eval 191,14] [%emt 0:01:03] (Bg5) } 39...Ra6
{ [%eval 128,11] [%emt 0:00:19] (Ra6) } 40.Be3
{ [%eval 192,14] [%emt 0:01:10] (Rc3) } 40...Rc6
{ [%eval 143, 11] [%emt 0:00:16] (Rc6) } 41.Rf1
{ [%eval 173,14] [%emt 0:00:34] (Rf1) } 41...Nd5
{ [%eval 136,12] [%emt 0:00:42] (Nd5) } 42.Rc1
{ [%eval 161,14] [%emt 0:00:34] (Re1) } 42...Kd6
{ [%eval 102,13] [%emt 0:00:49] (Kd6) } 43.Bh6
{ [%eval 176,13] [%emt 0:00:34] (Rd1) } 43...Rc8
{ [%eval 106,12] [%emt 0:00:48] (Rc8) } 44.Rd1
{ [%eval 170, 14] [%emt 0:00:32] (Rd1) } 44...Rd8
{ [%eval 103,11] [%emt 0:00:48] (Rd8) } 45.Bf4+
{ [%eval 174,13] [%emt 0:00:34] (Bf3) } 45...Kc6
{ [%eval 131,12] [%emt 0:00:48] (Kc6) } 46.h4
{ [%eval 172,14] [%emt 0:00:34] (Be3) } 46...Rd7
{ [%eval 87,12] [%emt 0:00:53] (Rg8) } 47.Re1
{ [%eval 167,13] [%emt 0:00:34] (Be5) } 47...Bf7
{ [%eval 91,12] [%emt 0:00:52] (Bf7) } 48.Rf1
{ [%eval 167,13] [%emt 0:00:31] (Be3) } 48...Be6
{ [%eval 87, 12] [%emt 0:00:47] (Be6) } 49.Be5
{ [%eval 167,14] [%emt 0:00:35] (Be3) } 49...Kb6
{ [%eval 97,13] [%emt 0:00:51] (Rf7) } 50.Rf8
{ [%eval 159,13] [%emt 0:00:35] (Rf8) } 50...Bg4
{ [%eval 100,13] [%emt 0:00:50] (Ne3) } 51.Rb8+
{ [%eval 184,13] [%emt 0:00:34] (Rb8) } 51...Kc6
{ [%eval 111,13] [%emt 0:00:50] (Kc6) } 52.Rc8+
{ [%eval 184,13] [%emt 0:00:35] (Rc8) } 52...Kb6
{ [%eval 95,12] [%emt 0:00:49] (Kb6) } 53.Kh2
{ [%eval 177,14] [%emt 0:00:35] (Kh2) } 53...Be6
{ [%eval 96,12] [%emt 0:00:48] (Re7) } 54.Rb8+
{ [%eval 189,13] [%emt 0:00:34] (Rb8) } 54...Kc6
{ [%eval 100,13] [%emt 0:00:36] (Kc6) } 55.Re8
{ [%eval 189,14] [%emt 0:00:35] (Rc8) } 55...Bg4
{ [%eval 99,12] [%emt 0:00:41] (Bg4) } 56.Rc8+
{ [%eval 186,14] [%emt 0:00:35] (Be4) } 56...Kb6
{ [%eval 87,12] [%emt 0:00:41] (Kb6) } 57.Rb8+
{ [%eval 179,14] [%emt 0:00:32] (Rb8) } 57...Kc6
{ [%eval 99,13] [%emt 0:01:10] (Kc6) } 58.Bf4
{ [%eval 181, 14] [%emt 0:00:35] (Bf1) } 58...Bd1
{ [%eval 117,13] [%emt 0:01:07] (Re7) } 59.Kg1
{ [%eval 192,14] [%emt 0:00:32] (Kg1) } 59...Be2
{ [%eval 136,12] [%emt 0:00:36] (Bg4) } 60.Re8
{ [%eval 192,14] [%emt 0:00:36] (Re8) } 60...Bd1
{ [%eval 198,13] [%emt 0:01: 02] (Bg4) } 61.Re6+
{ [%eval 212,15] [%emt 0:00:36] (Re6) } 61...Kb7
{ [%eval 211,14] [%emt 0:00:58] (Kb7) } 62.a5
{ [%eval 218,16] [%emt 0:00:37] (a5) } 62...Kc8
{ [%eval 209,13] [%emt 0:00:30] (Kc8) } 63.Rc6+
{ [%eval 216,15] [%emt 0:00:37] (Rc6) } 63...Kd8
{ [%eval 208,13] [%emt 0:00:31] (Kd8) } 64.Bg5+
{ [%eval 207,15] [%emt 0:00: 37] (Bg5) } 64...Ke8
{ [%eval 216,13] [%emt 0:00:30] (Ke8) } 65.Rxc5
{ [%eval 227,15] [%emt 0:00:37] (Rxc5) } 65...Bxb3
{ [%eval 211,13] [%emt 0:00:30] (Bxb3) } 66.Bf3
{ [%eval 228,15] [%emt 0:00:37] (Bf3) } 66...Kf8
{ [%eval 214,12] [%emt 0:00:27] (Kf8) } 67.Bxh5
{ [%eval 234,14] [%emt 0:00:31] (Bxh5) } 67...Nc7
{ [%eval 218,11] [%emt 0:00: 26] (Nc7) } 68.Be3
{ [%eval 236,14] [%emt 0:00:38] (Rf5) } 68...Nd5
{ [%eval 270,11] [%emt 0:00:25] (Bd5) } 69.Rc8+
{ [%eval 309,14] [%emt 0:00:39] (Rc8) } 69...Kg7
{ [%eval 324,13] [%emt 0:00:42] (Kg7) } 70.Bg4
{ [%eval 330,14] [%emt 0:00:39] (Bg4) } 70...Rf7
{ [%eval 348,12] [%emt 0:00:22] (Re7) } 71.Bd4+
{ [%eval 353,16] [%emt 0:00:36] (Bd4) } 71...Nf6
{ [%eval 368,12] [%emt 0:00:23] (Nf6) } 72.Bf5
{ [%eval 365,16] [%emt 0:00:40] (Bf5) } 72...h5
{ [%eval 366,12] [%emt 0:00:22] (h5) } 73.Ra8
{ [%eval 374,17] [%emt 0:00:41] (Ra8) } 73...Bc4
{ [%eval 368,12] [%emt 0:00: 21] (Bc4) } 74.Rxa7
{ [%eval 386,18] [%emt 0:00:41] (Rxa7) } 74...Rxa7
{ [%eval 390,14] [%emt 0:00:20] (Rxa7) } 75.Bxa7
{ [%eval 390,17] [%emt 0:00:42] (Bxa7) } 75...Kf7
{ [%eval 406,13] [%emt 0:00:20] (Kf7) } 76.Bc8
{ [%eval 405,16] [%emt 0:00:43] (Kf2) } 76...Ne4
{ [%eval 386,13] [%emt 0:00:19] (Nd5) } 77.a6
{ [%eval 441,16] [%emt 0:00:44] (Bb8) } 77...Nxg3
{ [%eval 355,13] [%emt 0:00:18] (Nxg3) } 78.Bb7
{ [%eval 450,17] [%emt 0:00:45] (Be3) } 78...Bxa6
{ [%eval 354,13] [%emt 0:00:17] (Ne2) } 79.Bxa6
{ [%eval 493,18] [%emt 0:00:41] (Bxa6) } 79...Kf6
{ [%eval 379,14] [%emt 0:00:16] (Nf5) } 80.Bd4+
{ [%eval 536,19] [%emt 0:00:59] (Kg2) } 80...Kf5
{ [%eval 377,14] [%emt 0:00:10] (Ke7) } 81.Kg2
{ [%eval 582,18] [%emt 0:00:33] (Kg2) } 81...Kf4
{ [%eval 440,16] [%emt 0:00:44] (Ne4) } 82.Be3+
{ [%eval 663,21] [%emt 0:00:33] (Kh3) } 82...Kxe3
{ [%eval 0,18] [%emt 0:00:48] (Kxe3) } 83.Kxg3
{ [%eval 641,17] [%emt 0:00:29] (Kxg3) } 1/2-1/2

[Event "41st Amateur D7"]
[Site "ChessGUI4"]
[Date "2013.07.07"]
[Round "18.1"]
[White "Carballo 0.8"]
[Black "ProChess 1.02AD"]
[Result "1-0"]
[BlackElo "2244"]
[ECO "D15"]
[EventDate "2013.??.??"]
[TimeControl "40/1500:40/1500:40/1500"]
[WhiteElo "2273"]

{ i5 Quad } 1.d4 d5 2.c4 c6 3.Nc3 Nf6 4.e3 a6 5.Nf3 b5 6.b3 Bf5 7.Ne5 h6 8.g4 Bh7 9.cxd5 cxd5 { [%eval -11,12] [%emt 0:01:30] (cxd5) } 10.a4
{ [%eval 57,13] [%emt 0:00:36] (Bd3) } 10...b4
{ [%eval 15,13] [%emt 0: 00:44] (b4) } 11.Na2
{ [%eval 51,15] [%emt 0:00:35] (Ne2) } 11...e6
{ [%eval 25,13] [%emt 0:01:18] (e6) } 12.Bd2
{ [%eval 29,14] [%emt 0:00:34] (Bd2) } 12...Qb6
{ [%eval 24,12] [%emt 0:00:57] (a5) } 13.Be2
{ [%eval 35,12] [%emt 0:00:33] (Nc1) } 13...Bd6
{ [%eval 28,12] [%emt 0:00:55] (Nbd7) } 14.O-O
{ [%eval 39,14] [%emt 0:00:32] (a5) } 14...Ne4
{ [%eval 40,12] [%emt 0:00:48] (O-O) } 15.a5
{ [%eval 19,13] [%emt 0:00:32] (a5) } 15...Qb7
{ [%eval 43,12] [%emt 0:00:39] (Qb7) } 16.Be1
{ [%eval 56,13] [%emt 0: 00:31] (Be1) } 16...f6
{ [%eval 49,12] [%emt 0:00:56] (f6) } 17.Nd3
{ [%eval 52,13] [%emt 0:00:30] (Nd3) } 17...Nc6
{ [%eval 47,12] [%emt 0:01:19] (Nc6) } 18.h4
{ [%eval 28,12] [%emt 0:00:29] (Rc1) } 18...f5
{ [%eval 67,11] [%emt 0:00:38] (Rb8) } 19.Rc1
{ [%eval 20,12] [%emt 0:00:29] (g5) } 19...O-O
{ [%eval 75,11] [%emt 0:00:38] (O-O) } 20.f3
{ [%eval 27,13] [%emt 0:00:28] (f3) } 20...Ng3
{ [%eval 62,12] [%emt 0:00:45] (Nf6) } 21.Bxg3
{ [%eval 0,12] [%emt 0:00:27] (Bxg3) } 21...Bxg3
{ [%eval 59,12] [%emt 0:00: 22] (Bxg3) } 22.Nc5
{ [%eval -8,12] [%emt 0:00:26] (Qc2) } 22...Qe7
{ [%eval 67,11] [%emt 0:00:30] (Qe7) } 23.Bd3
{ [%eval -25,11] [%emt 0:00:26] (Bxa6) } 23...fxg4
{ [%eval 100,10] [%emt 0:00:34] (fxg4) } 24.Bxh7+
{ [%eval -12,12] [%emt 0:00:25] (Bxh7) } 24...Kxh7
{ [%eval 135,12] [%emt 0:01:07] (Kxh7) } 25.f4
{ [%eval -8,12] [%emt 0:00:24] (f4) } 25...Qxh4
{ [%eval 111,11] [%emt 0:00:58] (h5) } 26.Qc2+
{ [%eval -3,13] [%emt 0:00:24] (Qc2) } 26...g6
{ [%eval 91,11] [%emt 0:00:37] (Kg8) } 27.Qg2
{ [%eval -40,13] [%emt 0:00:23] (Qg2) } 27...Rac8
{ [%eval 88,10] [%emt 0:00:19] (Rac8) } 28.Nd7
{ [%eval -95,12] [%emt 0:00:23] (Nd7) } 28...Rf5
{ [%eval 23,12] [%emt 0:01:17] (Rf7) } 29.Nxb4
{ [%eval 27,15] [%emt 0:00:22] (Nxb4) } 29...Rh5
{ [%eval 3, 12] [%emt 0:01:02] (Rh5) } 30.Rfd1
{ [%eval -117,14] [%emt 0:00:21] (Rfd1) } 30...Ne7
{ [%eval 4,12] [%emt 0:00:28] (Bf2) } 31.Rxc8
{ [%eval 12,14] [%emt 0:00:21] (Rxc8) } 31...Nxc8
{ [%eval 33,12] [%emt 0:00:25] (Nxc8) } 32.Nf8+
{ [%eval 12,13] [%emt 0:00:20] (Nf8) } 32...Kg8
{ [%eval 22,13] [%emt 0:00:20] (Kg8) } 33.Nxe6
{ [%eval -83,14] [%emt 0:00:20] (Nxe6) } 33...Be1
{ [%eval 35,12] [%emt 0:00:33] (Nd6) } 34.Nd3
{ [%eval 65,14] [%emt 0:00:19] (Nd3) } 34...Bxa5
{ [%eval 1,11] [%emt 0:00:08] (Bxa5) } 35.b4
{ [%eval 35,14] [%emt 0:00:19] (b4) } 35...Bb6
{ [%eval 23,12] [%emt 0: 00:13] (Bb6) } 36.Ne5
{ [%eval 37,14] [%emt 0:00:18] (Ne5) } 36...g3
{ [%eval 17,12] [%emt 0:00:22] (g3) } 37.Rd2
{ [%eval 47,14] [%emt 0:00:18] (Nc5) } 37...Ne7
{ [%eval 53,12] [%emt 0:00:14] (Ne7) } 38.Nc5
{ [%eval 59,13] [%emt 0:00:17] (Nc5) } 38...Bxc5
{ [%eval 55,12] [%emt 0:00:10] (Bc7) } 39.bxc5
{ [%eval 35,13] [%emt 0:00:17] (bxc5) } 39...g5
{ [%eval 47,13] [%emt 0:00:16] (Kg7) } 40.f5
{ [%eval 62,14] [%emt 0: 00:17] (Nf3) } 40...g4
{ [%eval 35,13] [%emt 0:00:11] (g4) } 41.f6
{ [%eval 70,15] [%emt 0:00:54] (f6) } 41...Qxf6
{ [%eval 10,14] [%emt 0:02:47] (Qxf6) } 42.Qxg3
{ [%eval 76,15] [%emt 0:00:52] (Qxg3) } 42...Qf5
{ [%eval 12,13] [%emt 0:00:52] (Qf5) } 43.Rb2
{ [%eval 98,13] [%emt 0:00:51] (Rb2) } 43...Rg5
{ [%eval 7,12] [%emt 0:00:54] (Rh3) } 44.c6
{ [%eval 109,12] [%emt 0:00:50] (c6) } 44...Rg7
{ [%eval -7,11] [%emt 0: 00:40] (h5) } 45.Qf4
{ [%eval 139,13] [%emt 0:00:48] (Qf4) } 45...Qxf4
{ [%eval -63,13] [%emt 0:00:55] (h5) } 46.exf4
{ [%eval 160,17] [%emt 0:00:47] (exf4) } 46...Kh7
{ [%eval -91,17] [%emt 0:00:51] (Kh7) } 47.Rb8
{ [%eval 160,15] [%emt 0:00:46] (Rb8) } 47...Rg8
{ [%eval -108,16] [%emt 0:01:04] (Rg8) } 48.Rb7
{ [%eval 207,16] [%emt 0:00:45] (c7) } 48...Rg7
{ [%eval -143,17] [%emt 0:00:33] (Rg7) } 49.c7
{ [%eval 229,15] [%emt 0:00:44] (c7) } 49...Nc8
{ [%eval -222,16] [%emt 0:00:32] (Nc8) } 50.f5
{ [%eval 320,17] [%emt 0:00:43] (f5) } 50...Rg8
{ [%eval -295,17] [%emt 0:00:46] (Kg8) } 51.f6
{ [%eval 452,18] [%emt 0:00:42] (Rb8) } 51...Rh8
{ [%eval -545,17] [%emt 0:01:11] (h5) } 52.Rb8
{ [%eval 438,17] [%emt 0:00:40] (Rb8) } 52...g3
{ [%eval -565, 16] [%emt 0:00:52] (h5) } 53.Nd7
{ [%eval 665,19] [%emt 0:00:39] (Nd7) } 53...Kg6
{ [%eval -577,18] [%emt 0:00:47] (Kg6) } 54.Nb6
{ [%eval 665,19] [%emt 0:00:38] (Nb6) } 54...Nxb6
{ [%eval -577,17] [%emt 0:00:32] (Nxb6) } 55.Rxh8
{ [%eval 685,20] [%emt 0:00:37] (Rxh8) } 55...Kxf6
{ [%eval -660,16] [%emt 0:00:25] (Kxf6) } 56.Rxh6+
{ [%eval 717,19] [%emt 0:00:37] (Rxh6) } 1-0

[Event "41st Amateur D7"]
[Site "ChessGUI4"]
[Date "2013.07.07"]
[Round "18.2"]
[White "MadChess 1.2"]
[Black "Waxman 2011"]
[Result "1/2-1/2"]
[BlackElo "2256"]
[ECO "B97"]
[EventDate "2013.??.??"]
[TimeControl "40/1500:40/1500:40/1500"]
[WhiteElo "2200"]

{ i5 Quad } 1.e4 c5 2.Nf3 d6 3.d4 cxd4 4.Nxd4 Nf6 5.Nc3 a6 6.Bg5 e6 7.f4 Qb6 8.Qd2 Qxb2 9.Rb1 Qa3 { [%eval -5,12] [%emt 0:01:04] (Qa3) } 10.Bxf6
{ [%eval -46,12] [%emt 0:01:14] (f5) } 10...gxf6
{ [%eval 17,11] [%emt 0:00:17] (gxf6) } 11.Be2
{ [%eval -44,11] [%emt 0:00:47] (Be2) } 11...Bh6
{ [%eval 1,12] [%emt 0:00:53] (Nd7) } 12.O-O
{ [%eval -16,9] [%emt 0: 00:22] (O-O) } 12...Nd7
{ [%eval 9,11] [%emt 0:00:29] (Qa5) } 13.Nb3
{ [%eval -25,10] [%emt 0:00:41] (Nb3) } 13...Rg8
{ [%eval 4,11] [%emt 0:00:28] (Rg8) } 14.Bh5
{ [%eval 0,11] [%emt 0:00:44] (Qd3) } 14...Qb4
{ [%eval 6,10] [%emt 0:00:42] (Qb4) } 15.Rbd1
{ [%eval -7,10] [%emt 0:00:23] (Qd3) } 15...Qb6+
{ [%eval 0,12] [%emt 0:00:47] (Rg7) } 16.Rf2
{ [%eval -2,10] [%emt 0:00:31] (Kh1) } 16...Ke7
{ [%eval 0,12] [%emt 0:00:46] (Ke7) } 17.Nd4
{ [%eval 0,10] [%emt 0:00:33] (Nd4) } 17...Kf8
{ [%eval 0,12] [%emt 0: 00:42] (Qc5) } 18.Nb3
{ [%eval 0,10] [%emt 0:00:19] (Nde2) } 18...Ke7
{ [%eval 0,14] [%emt 0:00:46] (Ke7) } 19.Nd4 Kf8 { [%eval 0,14] [%emt 0:00:43] (Qc5) } 20.Nb3 Ke7
{ [%eval 0,16] [%emt 0:00:55] (Ke7) } 1/2-1/2

[Event "41st Amateur D7"]
[Site "ChessGUI4"]
[Date "2013.07.07"]
[Round "18.3"]
[White "Shallow 1.0 64-bit"]
[Black "Gibbon 2.57a 64-bit"]
[Result "0-1"]
[BlackElo "2251"]
[ECO "B81"]
[EventDate "2013.??.??"]
[TimeControl "40/1500:40/1500:40/1500"]
[WhiteElo "2200"]

{ i5 Quad } 1.e4 c5 2.Nf3 d6 3.d4 cxd4 4.Nxd4 Nf6 5.Nc3 e6 6.g4 h6 7.Bg2 Nc6 8.h3 Be7 9.Nxc6 bxc6 { [%eval 25,13] [%emt 0:00:21] (bxc6) } 10.Be3
{ [%eval 16,13] [%emt 0:00:42] (e5) } 10...O-O
{ [%eval 35,13] [%emt 0:01:05] (e5) } 11.Qd2
{ [%eval 15,12] [%emt 0:00:42] (e5) } 11...Rb8
{ [%eval 37,13] [%emt 0:01:43] (d5) } 12.Rb1
{ [%eval 18,12] [%emt 0:00:42] (Bxa7) } 12...Qc7
{ [%eval 55,13] [%emt 0:00:32] (Qa5) } 13.f4
{ [%eval 24,12] [%emt 0: 01:30] (O-O) } 13...Ba6
{ [%eval 81,12] [%emt 0:01:22] (e5) } 14.g5
{ [%eval 17,13] [%emt 0:00:41] (Qd4) } 14...hxg5
{ [%eval 84,13] [%emt 0:00:28] (hxg5) } 15.fxg5
{ [%eval 9,13] [%emt 0:00:41] (fxg5) } 15...Nd7
{ [%eval 91,13] [%emt 0:00:47] (Nd7) } 16.h4
{ [%eval 6,13] [%emt 0:00:41] (h4) } 16...d5
{ [%eval 91,11] [%emt 0:00:17] (d5) } 17.Rh3
{ [%eval 0,12] [%emt 0:00:41] (Bf4) } 17...f5
{ [%eval 136,10] [%emt 0:00:19] (Nb6) } 18.exd5
{ [%eval 10,12] [%emt 0:00:41] (exd5) } 18...cxd5
{ [%eval 144,12] [%emt 0:00:19] (cxd5) } 19.Kd1
{ [%eval 6,11] [%emt 0:00:41] (Bf4) } 19...f4
{ [%eval 185,11] [%emt 0:00:24] (Rbd8) } 20.Bd4
{ [%eval -4,12] [%emt 0:00:41] (Bxd5) } 20...Bc5
{ [%eval 195,12] [%emt 0:00:45] (Bc5) } 21.Kc1
{ [%eval -18,12] [%emt 0:01: 05] (h5) } 21...Nb6
{ [%eval 210,10] [%emt 0:00:21] (Bxd4) } 22.Bxc5
{ [%eval -23,12] [%emt 0:00:40] (Qf2) } 22...Qxc5
{ [%eval 172,11] [%emt 0:00:08] (Qxc5) } 23.Qd1
{ [%eval -35,11] [%emt 0:00:40] (h5) } 23...Nc4
{ [%eval 270,12] [%emt 0:00:23] (Qf2) } 24.Bxd5
{ [%eval -192,11] [%emt 0:01:03] (Qe2) } 24...exd5
{ [%eval 424,12] [%emt 0: 00:16] (exd5) } 25.b4
{ [%eval -293,12] [%emt 0:00:38] (Na4) } 25...Rxb4
{ [%eval 521, 14] [%emt 0:00:28] (Rxb4) } 26.Rxb4
{ [%eval -425,12] [%emt 0:00:38] (Rxb4) } 26...Qxb4
{ [%eval 511,13] [%emt 0:00:06] (Qxb4) } 27.Qxd5+
{ [%eval -431,13] [%emt 0: 00:38] (Qxd5) } 27...Kh8
{ [%eval 750,14] [%emt 0:00:20] (Kh8) } 28.Nd1
{ [%eval -433, 13] [%emt 0:00:38] (Nd1) } 28...Ne3
{ [%eval 792,13] [%emt 0:00:11] (Ne3) } 29.Qb3
{ [%eval -432,12] [%emt 0:00:38] (Qb3) } 29...Qxb3
{ [%eval 808,15] [%emt 0:00:29] (Qe1) } 30.axb3
{ [%eval -689,16] [%emt 0:00:38] (axb3) } 30...Nxd1
{ [%eval 818,16] [%emt 0:00:02] (Nxd1) } 31.Kxd1
{ [%eval -703,15] [%emt 0:00:38] (Kxd1) } 31...f3
{ [%eval 812,17] [%emt 0:00:03] (f3) } 32.Rh1
{ [%eval -768,14] [%emt 0:00:38] (Rh1) } 32...f2
{ [%eval 828,19] [%emt 0:00:45] (f2) } 33.Kd2
{ [%eval -771,14] [%emt 0:00:38] (c4) } 0-1